[Event "*** Titled Tuesday Blitz"]
[Site "Chess.com"]
[Date "2021.03.09"]
[Round "3"]
[White "SwitchOnTwitch"]
[Black "pavelalexandru07"]
[Result "1/2-1/2"]
[WhiteElo "2092"]
[BlackElo "2307"]
[TimeControl "180+1"]
[EndTime "10:30:50 PST"]
[Termination "Game drawn - insufficient material"]

1. d4 Nf6 2. c4 c5 3. d5 e6 4. Nc3 exd5 5. cxd5 d6 6. Nf3 g6 7. g3 Bg7 8. Bg2 O-O 9. a4 Re8 10.
O-O Ne4 11. Nxe4 Rxe4 12. Nd2 Rb4 13. Qc2 a5 14. Nc4 b5 15. axb5 Rxb5 16. Bf4 Bf8 17. Ra2 Na6 18. Qd2 Nb4 19. Ra3 Qc7 20. Rfa1 Bd7 21.
h3 Rbb8 22. Rxa5 Rxa5 23. Rxa5 Bb5 24. Rxb5 Rxb5 25. e4 Rb8 26. e5 Rd8 27. exd6 Qa7 28. Kh2 Qb7 29. Bf3 Na6 30. Bg5 Rd7 31. Bg4 f5 32.
Bf3 Bxd6 33. Nxd6 Rxd6 34. Bf4 Qd7 35. Bxd6 Qxd6 36. Qd3 Nc7 37. Qc4 Kg7 38. Bg2 Kg8 39.
Qa4 Kf7 40. Qa7 Ke7 41. Qb7 Kf6 42. h4 Ke7 43. Bf3 Kf6 44. Kg2 Ke7 45. Kf1 Kf6 46. Qc6 Ke7 47. Qxd6+ Kxd6 48. Ke2 Nxd5 49. Kd3 Nb4+ 50. Kc4 Nc2 51. Bd1 Nd4 52. Ba4 h6 53. Be8 g5 54. hxg5 hxg5 55. Bg6 f4 56. gxf4 gxf4 57.
b4 Ne6 58. bxc5+ Nxc5 59. Bh5 Ne6 60. Kd3 Ke5 61. Bg4 Ng5 62. Bd1 Nf7 63. Bb3 Nd6 64. f3 Nf5 65. Ba4 Nh4 66. Bc6 Ng2 67. Ba8 Ne3 68. Bb7 Nf5 69. Ba8 Nd6 70. Bc6 Kf5 71.
Ba8 Kg5 72. Kd4 Kh4 73. Ke5 Nc4+ 74. Kxf4 Nd2 75. Ke3 Nxf3 1/2-1/2

[Event "*** Titled Tuesday Blitz"]
[Site "Chess.com"]
[Date "2021.03.09"]
[Round "3"]
[White "Fiona"]
[Black "Trickov"]
[Result "1-0"]
[WhiteElo "2210"]
[BlackElo "2351"]
[TimeControl "180+1"]
[EndTime "10:31:00 PST"]
[Termination "Fiona won by resignation"]

1. e4 c5 2. Nc3 Nc6 3. f4 g6 4. Nf3 Bg7 5. Bb5 Nd4 6. O-O Nxb5 7. Nxb5 a6 8. Nc3 b5 9. d3 Bb7 10. Qe1 d6 11. Qh4 e6 12. Qh3 Ne7 13. Bd2 Nc6 14.
Rae1 Nd4 15. Nxd4 cxd4 16. Ne2 Qc7 17. f5 Bc8 18. f6 Bf8 19. c3 dxc3 20. Bxc3 e5 21.
Qg3 Be6 22. d4 Bxa2 23. dxe5 dxe5 24. Bxe5 Bc5+ 25. Kh1 Qb6 26. Nc3 Bc4 27. Rf3 h5 28. Nd5 Bxd5 29. exd5 O-O 30. Qf4 Rfe8 31. Rg3 Bf8 32. Qg5 Kh7 33. h3 Rad8 34. Bc3 Qc5 35. Rxe8 Rxe8 36. Rf3 Qd6 37. Rf1 Rd8 38. Rd1 b4 39.
Bd2 Qxd5 40. Qxd5 Rxd5 41. g4 hxg4 42. hxg4 a5 43. Kg2 Kg8 44. Kf3 Bd6 45. Ke2 Bf4 46.
Bxf4 Rxd1 47. Kxd1 a4 48. Bd6 a3 49. bxa3 bxa3 50. Bxa3 Kh7 51. Ke2 g5 52. Kf3 Kg6 53. Be7 Kh6 54. Ke4 Kg6 55. Ke5 Kh6 56. Kf5 Kh7 57.
Kxg5 Kg8 58. Kf5 Kh7 59. g5 Kg8 60. g6 fxg6+ 61. Kxg6 Kh8 62. Bb4 Kg8 63. Bc3 Kf8 64. f7 Ke7 65. Kg7 Ke6 66. f8=Q Kd5 67. Be1 Ke4 68.
Kg6 Ke5 69. Qf5+ Kd4 70. Qe6 Kc5 71. Bh4 Kd4 72. Kf5 Kc5 73. Qd7 Kb6 74. Qc8 Kb5 75. Ke4 Kb4 76. Kd4 Kb5 77. Qc5+ Ka6 78. Qb4 Ka7 79. Kc5 Ka8 80. Kc6 1-0

[Event "*** Titled Tuesday Blitz"]
[Site "Chess.com"]
[Date "2021.03.09"]
[Round "3"]
[White "lelya96"]
[Black "SergeyShtyka"]
[Result "1-0"]
[WhiteElo "2264"]
[BlackElo "2429"]
[TimeControl "180+1"]
[EndTime "10:31:07 PST"]
[Termination "lelya96 won by checkmate"]

1. d4 c5 2. Nc3 cxd4 3. Qxd4 Nc6 4. Qd3 g6 5. e4 Bg7 6. Nf3 d6 7. Be3 Bg4 8. Qd2 Bxf3 9. gxf3 Ne5 10. Bb5+ Kf8 11.
Qe2 a6 12. Bd3 Rc8 13. f4 Nxd3+ 14. Qxd3 Qa5 15. Bd2 Qh5 16. Nd5 Nf6 17. Nxf6 Bxf6 18. c3 Kg7 19. O-O b5 20. Be3 Qg4+ 21. Kh1 Qf3+ 22.
Kg1 Rc4 23. Rfd1 Qxe4 24. Qf1 Rhc8 25. Qh3 Qe6 26. Qg3 b4 27. cxb4 Rxb4 28. Rd2 Rxb2 29.
Rxb2 Bxb2 30. Rb1 Bf6 31. Rb6 a5 32. Qf3 Qxa2 33. Rb5 a4 34. f5 Qc4 35. Ra5 Qc6 36. Qh3 h5 37. fxg6 fxg6 38. Qg3 Qe4 39. Rxh5 Rh8 40.
Rxh8 Kxh8 41. Qh3+ Kg7 42. Qh6+ Kf7 43. Qh7+ Bg7 44. Bh6 Qb1+ 45. Kg2 Qe4+ 46. Kg1 Qe5 47. Bxg7 Qxg7 48. Qh3 Qf6 49. Qd3 Qg5+ 50. Kf1 Qf4 51. Ke2 Qxh2 52. Qc4+ Kg7 53. Qxa4 Qe5+ 54. Kf1 d5 55.
Qd7 d4 56. Kg2 Qg5+ 57. Kf1 Qf6 58. Qd5 e5 59. Qd7+ Kh6 60. Qh3+ Kg7 61. Qd7+ Qf7 62. Qd6 Qc4+ 63. Kg2 Qf7 64. Qxe5+ Qf6 65. Qc7+ Kh6 66. Qh2+ Kg5 67. Qg3+ Kf5 68. Qd3+ Ke5 69. Qb5+ Kf4 70. Qb8+ Qe5 71. Qf8+ Ke4 72. Qf3# 1-0

[Event "*** Titled Tuesday Blitz"]
[Site "Chess.com"]
[Date "2021.03.09"]
[Round "3"]
[White "ram1zan"]
[Black "serhanberat_ozdemir"]
[Result "1-0"]
[WhiteElo "2829"]
[BlackElo "2574"]
[TimeControl "180+1"]
[EndTime "10:31:15 PST"]
[Termination "ram1zan won by resignation"]

1. e4 c5 2. Nc3 e6 3. Nf3 a6 4. d4 cxd4 5. Nxd4 b5 6. Bd3 Qb6 7. Nb3 Qc7 8. O-O Bb7 9. a4 b4 10. Ne2 Nf6 11. Bf4 d6 12. c3 bxc3 13. Nxc3 Nc6 14.
Rc1 Be7 15. Nb5 Qd8 16. Nc3 O-O 17. f3 Rb8 18. Be3 d5 19. exd5 Nxd5 20. Nxd5 Qxd5 21. Be4 Qxd1 22. Rfxd1 Ne5 23. Bxb7 Rxb7 24. Na5 Rb4 25. b3 h6 26. Bd4 Ng6 27. Rc3 Nf4 28. Kf1 Nd5 29.
Nc6 Nxc3 30. Nxe7+ Kh7 31. Bxc3 Rxb3 32. Be5 Ra3 33.
Rd4 Ra2 34. h4 Re8 35. Nc6 f6 36. Bd6 Rc8 37. Rc4 Ra1+ 38. Kf2 Ra2+ 39. Kg3 g5 40. h5 Rd2 41. Bb4 Rd7 42. Bc3 Rdc7 43. Bxf6 Rxc6 44.
Rd4 R6c7 45. Rd6 Re8 46. Rxa6 Kg8 47. Be5 Rb7 48. a5 Kf7 49. Bc3 Rc8 50. Bd4 Rd7 51. Bf2 Kf6 52. Rb6 Kf5 53. a6 Ra8 54. Rb5+ Rd5 55.
Rb6 Ra5 56. Rb7 R8xa6 57. Rf7+ Ke5 58. Rh7 Ra2 59. Rxh6 Rc6 60. Rg6 Kf5 61. Be3 Rcc2 62. Rxg5+ Kf6 63. Kh3 Re2 64. Rg6+ Kf5 65. Bh6 Re1 66. g4+ Ke5 67. Kh4 Rf2 68. f4+ Rxf4 69. Bxf4+ Kxf4 70. Rf6+ Ke5 71. Rf8 Rh1+ 72. Kg5 Kd6 73.
h6 Ke7 74. Rf2 e5 75. Kg6 e4 76. h7 e3 77. Re2 Rh3 78. Kg7 Rg3 79. Rxe3+ Rxe3 80. h8=Q 1-0

[Event "*** Titled Tuesday Blitz"]
[Site "Chess.com"]
[Date "2021.03.09"]
[Round "3"]
[White "david_alex"]
[Black "rachidhuilda"]
[Result "1/2-1/2"]
[WhiteElo "2075"]
[BlackElo "2300"]
[TimeControl "180+1"]
[EndTime "10:31:27 PST"]
[Termination "Game drawn by repetition"]

1. e4 c5 2. Nf3 e6 3. d4 cxd4 4. Nxd4 a6 5. c4 Nf6 6. Nc3 Bb4 7. Qd3 Nc6 8. Nxc6 dxc6 9. Qg3 O-O 10. e5 Ne4 11.
Qe3 Qa5 12. Bd2 Nxd2 13. Qxd2 Rd8 14. Qe3 Bxc3+ 15. Qxc3 Qxc3+ 16. bxc3 b5 17. Rd1 Bb7 18. Be2 Rxd1+ 19. Kxd1 c5 20. f3 b4 21. cxb4 cxb4 22. Kc2 a5 23. Rd1 Bc6 24. Rd6 Ba4+ 25. Kb2 Kf8 26. Bd3 g6 27. f4 Rc8 28. Ra6 Rc5 29. g4 h6 30. a3 bxa3+ 31. Kxa3 Bd1 32. h3 g5 33. Ra8+ Kg7 34. fxg5 hxg5 35. Rd8 Rxe5 36.
Bb1 Bf3 37. Kb2 Bg2 38. Rd3 Rc5 39. Kc3 Be4 40. Rd1 Bd5 41. Bd3 Bf3 42. Ra1 Bg2 43. Ra2 Bxh3 44. Kd4 Rc7 45. Rxa5 Bxg4 46. Rxg5+ Kf8 47. Rxg4 Ke7 48. c5 Rd7+ 49. Kc4 e5 50. Be4 Ke6 51. Rg5 f6 52. Rf5 Rd4+ 53. Kc3 Rxe4 54. Rf1 Rh4 55. Rc1 Rh7 56. Kb4 f5 57. Kb5 Rb7+ 58. Ka6 Rb2 59. c6 e4 60. c7 Ra2+ 61. Kb6 Rb2+ 62. Ka5 Ra2+ 63. Kb4 Ra8 64. c8=Q+ Rxc8 65. Rxc8 Ke5 66. Kc3 Kf4 67. Kd2 Kf3 68. Rc3+ Kf2 69. Re3 Kg2 70. Ke2 Kg1 71. Ke1 Kg2 72.
Re2+ Kf3 73. Rb2 e3 74. Rb3 f4 75. Kf1 Ke4 76. Ke2 f3+ 77. Kf1 Kf4 78. Rc3 Ke4 79. Ra3 Kd4 80. Ke1 Ke4 81. Kf1 Kd4 82.
Ra4+ Kd3 83. Rf4 Kd2 84. Rd4+ Kc3 85. Re4 Kd3 86. Rf4 Kd2 87. Rd4+ Kc3 88. Rf4 Kd2 1/2-1/2

[Event "*** Titled Tuesday Blitz"]
[Site "Chess.com"]
[Date "2021.03.09"]
[Round "3"]
[White "FredyMatsuura"]
[Black "ErikRonka"]
[Result "1-0"]
[WhiteElo "2207"]
[BlackElo "2387"]
[TimeControl "180+1"]
[EndTime "10:31:31 PST"]
[Termination "FredyMatsuura won by checkmate"]

1. d4 d5 2. c4 e6 3. Nc3 a6 4. cxd5 exd5 5. Bf4 Nf6 6. e3 Bd6 7. Bg3 O-O 8. Bd3 Nc6 9. Nge2 Ne7 10. O-O Bf5 11.
Rb1 Bxg3 12. Nxg3 Bxd3 13. Qxd3 a5 14. Rfc1 c6 15. Na4 Nc8 16. Nc5 Nd6 17. b3 Re8 18.
Nf5 Nfe4 19. Nxd6 Nxd6 20. Qc2 Qe7 21. Nd3 a4 22. bxa4 Nc4 23. Rb4 Ra7 24. Qb3 Rea8 25.
h3 h6 26. Nb2 Nd6 27. Rb1 Ne4 28. Nd3 Nd2 29. Qb2 Nxb1 30. Qxb1 Rxa4 31. Rxb7 Qd6 32.
Rb2 Rc4 33. Ne5 Rca4 34. g3 Ra3 35. Rc2 R8a6 36. Qb7 Ra7 37. Qc8+ Qf8 38. Qxc6 Rxa2 39. Rxa2 Rxa2 40. Qxd5 Ra7 41. h4 Qa8 42. Qxa8+ Rxa8 43. Kg2 f6 44. Ng6 Kf7 45. Nf4 g5 46. hxg5 hxg5 47. Nd3 Ra3 48. Nc5 f5 49. g4 f4 50. Kf3 fxe3 51. fxe3 Kg6 52. Ne4 Ra5 53. Nd6 Kf6 54.
Nf5 Ra1 55. Ke4 Rg1 56. Kf3 Rf1+ 57. Ke2 Rg1 58. Kf3 Rf1+ 59. Kg2 Re1 60. Kf2 Ra1 61. Ng3 Ra2+ 62. Kf3 Ra1 63. Ne4+ Kg6 64. Ng3 Rg1 65. e4 Rd1 66. Nf5 Kf6 67. e5+ Ke6 68.
Ke4 Re1+ 69. Ne3 Rg1 70. d5+ Ke7 71. Kf5 Re1 72. d6+ Kd7 73. Nd5 Rf1+ 74. Kxg5 Re1 75. Kf5 Rf1+ 76. Nf4 Rg1 77. g5 Ke8 78. e6 Kf8 79. d7 Ke7 80. Ng6+ Kd8 81. Ne5 Ra1 82. g6 Ke7 83. Nc6+ Kd6 84. d8=Q+ Kxc6 85. e7 Rf1+ 86. Kg4 Rg1+ 87. Kf3 Rf1+ 88. Ke2 Rb1 89. e8=Q+ Kc5 90. Qe5+ Kc4 91. Qe4+ Kb3 92. Qxb1+ Ka3 93. Qa8# 1-0

[Event "*** Titled Tuesday Blitz"]
[Site "Chess.com"]
[Date "2021.03.09"]
[Round "3"]
[White "ViktoriyaTarasova"]
[Black "PavelShkapenko"]
[Result "1/2-1/2"]
[WhiteElo "2327"]
[BlackElo "2700"]
[TimeControl "180+1"]
[EndTime "10:31:50 PST"]
[Termination "Game drawn by repetition"]

1. d4 Nf6 2. c4 e6 3. Nc3 Bb4 4. Nf3 c5 5. g3 cxd4 6. Nxd4 Ne4 7. Qd3 Bxc3+ 8. bxc3 Nc5 9. Qf3 O-O 10. Bg2 d6 11. O-O e5 12. Nb3 Nba6 13. Ba3 Qc7 14. Rfd1 Be6 15. Nxc5 Nxc5 16. Bxc5 Qxc5 17. Qxb7 Rab8 18.
Qc6 Rfc8 19. Qxc5 Rxc5 20. Rxd6 Rxc4 21. Rad1 g6 22. Ra6 Rxc3 23. Rxa7 Rc2 24. Bd5 Bxd5 25. Rxd5 Rxe2 26. Rdd7 Rf8 27. a4 e4 28. Re7 h5 29.
Kf1 Rb2 30. Rxe4 Rb6 31. a5 Rf6 32. Rf4 Rxf4 33. gxf4 Rb8 34. Kg2 Rb3 35. a6 Ra3 36.
Ra8+ Kg7 37. f3 Kh7 38. Kg3 Kg7 39. a7 Kh7 40. Kf2 Kg7 41. Ke2 Kh7 42. Kd2 Kg7 43. Kc2 Ra4 44. Kb3 Ra1 45. Kb4 Ra2 46. Kb5 Ra1 47. Kb6 Rb1+ 48. Kc7 Rc1+ 49. Kd6 Ra1 50. Ke7 Re1+ 51. Kd6 Ra1 52. f5 gxf5 53. Ke5 Ra5+ 54.
Kf4 Kh7 55. Kg5 f4+ 56. Kxf4 Kg7 57. Ke4 Kh7 58. Kd4 Kg7 59. Kc4 Ra1 60. Kb4 Kh7 61.
Kc5 Kg7 62. Kd6 Rd1+ 63. Ke5 Ra1 64. Kf5 Ra5+ 65. Kf4 Kh7 66. h3 Kg7 67. Ke4 Kh7 68. f4 Kg7 69. Kf3 Kh7 70. Kg3 Kg7 71. Kh4 Kh7 72. f5 Kg7 73. Kxh5 Rxf5+ 74. Kg4 Ra5 75. h4 Kh7 76. h5 Ra1 77. h6 Ra5 78. Kf4 Ra1 79. Ke4 Ra4+ 80. Kf5 Ra1 81. Kf6 Ra2 82. Kxf7 Rf2+ 83. Ke6 Ra2 84. Kf6 Rf2+ 85. Ke6 Ra2 86. Kd6 Ra1 87. Kc6 Rc1+ 88. Kb6 Rb1+ 89.
Kc7 Rc1+ 90. Kb6 Rb1+ 91. Kc5 Rc1+ 92. Kb4 Ra1 93. Kb3 Ra6 94. Kb4 Ra1 95. Kb5 Rb1+ 96. Kc6 Rc1+ 97. Kd5 Rd1+ 98. Kc4 Ra1 99. Kb3 Ra6 100.
Kb4 Ra1 1/2-1/2

[Event "*** Titled Tuesday Blitz"]
[Site "Chess.com"]
[Date "2021.03.09"]
[Round "3"]
[White "draksbg"]
[Black "Konavets"]
[Result "0-1"]
[WhiteElo "2478"]
[BlackElo "2916"]
[TimeControl "180+1"]
[EndTime "10:31:54 PST"]
[Termination "Konavets won by resignation"]

1. e4 d6 2. d4 Nf6 3. Nc3 g6 4. f4 Bg7 5. Nf3 c5 6. d5 O-O 7. Be2 b5 8. e5 dxe5 9. fxe5 Ng4 10. d6 Bb7 11. Bf4 exd6 12. Qxd6 Qa5 13. Qxc5 a6 14. O-O Rc8 15. Qe7 Qb6+ 16. Kh1 Nc6 17. Qd7 Ngxe5 18. Nxe5 Nxe5 19. Bxe5 Bxe5 20. Qxf7+ Kh8 21. Bg4 Rc4 22. Be6 Rh4 23. h3 Qe3 24. Qxb7 Re8 25. Qf7 Rb8 26. Nd5 Qg3 27. Nf4 Rxf4 28. Rxf4 Qxf4 29. Qxf4 Bxf4 30. Rf1 Be5 31. b3 Rd8 32. Re1 Bg3 33. Rf1 Rd2 34. c4 Rxa2 35. c5 Rc2 36. b4 Kg7 37. Bd5 a5 38.
bxa5 Rxc5 39. Bb7 b4 40. a6 Ra5 41. Rb1 b3 42. Kg1 b2 43. Kf1 Be5 44. Ke2 Ra1 45.
Be4 Rxa6 46. Bd3 Ra1 47. Ke3 Kf6 48. Ke4 Bc3 49. Bc2 Kg5 50. Kf3 Kh4 51. Bd3 Bd4 52.
Bc2 Kg5 53. Bd3 Kf6 54. Ke4 Be5 55. Kd5 Ra4 56. Rf1+ Rf4 57. Rxf4+ Bxf4 58. Ke4 Bd6 59. Bb1 Ke6 60. Ba2+ Kd7 61. Bb1 Kc6 62. Kd4 Bc5+ 63. Kc4 Bf8 64. Kd4 Kb5 65. Kc3 Bg7+ 66. Kd3 Kb4 67. Ba2 Ka3 68. Bb1 Kb3 69. g4 g5 70.
Kd2 h6 71. Kd3 Bf6 72. Kd2 Kc4 73. Ba2+ Kd4 74. Bb1 Be7 75. Ke2 Bc5 76. Kd2 Ke5 77. Kc3 Bd4+ 78. Kd3 Kd5 79. Ba2+ Kc5 80. Bb1 Bf6 81. Kc2 Kd5 82. Kd3 Ke5 83. Ke3 Bd8 84. Ba2 Bb6+ 85. Kf3 Kd4 86. Bb1 Bc7 87. Ke2 Ke5 88.
Bc2 Kf4 89. Kf2 Bb6+ 90. Ke2 Kg3 91. Kd2 Kxh3 92. Kc3 Kxg4 93. Kxb2 h5 94. Kc3 h4 0-1

[Event "*** Titled Tuesday Blitz"]
[Site "Chess.com"]
[Date "2021.03.09"]
[Round "3"]
[White "annacramling"]
[Black "Mrlammy"]
[Result "0-1"]
[WhiteElo "2025"]
[BlackElo "2295"]
[TimeControl "180+1"]
[EndTime "10:31:54 PST"]
[Termination "Mrlammy won by resignation"]

1. d4 Nf6 2. c4 e5 3. dxe5 Ng4 4. Bf4 Nc6 5. Nf3 Bb4+ 6. Nbd2 Qe7 7. e3 Ngxe5 8. Nxe5 Nxe5 9. Be2 O-O 10. O-O d6 11. Nb3 Ng6 12. Bg3 b6 13. a3 Bc5 14.
Nd2 a5 15. Bf3 Rb8 16. Rb1 Bf5 17. e4 Bd7 18. b4 axb4 19. axb4 Bd4 20. Nb3 Be5 21.
Nd4 Bxg3 22. hxg3 Ne5 23. Be2 Nc6 24. Nf5 Bxf5 25. exf5 Qf6 26. Qd5 Ne5 27. f4 Nd7 28. Bf3 Rfe8 29. Rfe1 Qc3 30. Rxe8+ Rxe8 31. Qc6 Nf6 32.
Qxc7 h5 33. Qxd6 Qxc4 34. Rd1 Qc2 35. Qd2 Qc4 36. Qd4 Qb3 37. Qd3 Qxb4 38. Qd4 Qb5 39. Bd5 Nxd5 40. Qxd5 Qxd5 41. Rxd5 Rb8 42. Rb5 f6 43. Kf2 Kf7 44. Ke3 Ke7 45. Kd4 Kd6 46. Kc4 Kc6 47. Kb4 Re8 48. Ka4 Re4+ 49. Rb4 Re2 50. Rc4+ Kb7 51. Rd4 Rxg2 52. Rd7+ Ka6 53. Rxg7 h4 54. Rg6 Rxg3 55. Rxf6 Rg4 56. Rh6 Rxf4+ 57.
Kb3 Kb5 58. f6 Rf3+ 59. Kc2 h3 60. f7 Rf2+ 61. Kd3 h2 62. f8=Q Rxf8 63. Rxh2 Rc8 64. Rb2+ Ka6 65. Ra2+ Kb7 66. Rb2 Ka7 67. Ra2+ Kb7 68.
Rb2 Rc5 69. Kd4 Rc6 70. Kd5 Rc7 71. Kd6 Rc8 72. Kd7 Rc3 73. Kd6 Ka6 74. Ra2+ Kb5 75.
Rb2+ Ka5 76. Ra2+ Kb5 77. Rb2+ Ka6 78. Ra2+ Kb7 79. Rb2 Rc5 80. Ke6 Rc4 81. Kd5 Rc8 82. Kd4 Rc7 83. Kd5 Rg7 84. Kd4 Rg5 85. Kc4 Rg4+ 86.
Kd5 Ka6 87. Ra2+ Kb5 88. Rb2+ Rb4 89. Ra2 Ra4 90. Rb2+ Ka5 91. Kc6 Rc4+ 92. Kd5 b5 93.
Rb3 Rc8 94. Rb1 b4 95. Kd4 Ka4 96. Kd3 b3 97. Ra1+ Kb4 98. Rb1 Ka3 99. Ra1+ Kb2 100. Rd1 Rd8+ 101. Ke2 Rxd1 102. Kxd1 Ka1 103. Kd2 b2 104. Kc2 b1=Q+ 105. Kc3 Qb2+ 0-1

[Event "*** Titled Tuesday Blitz"]
[Site "Chess.com"]
[Date "2021.03.09"]
[Round "3"]
[White "HouseOfDurin"]
[Black "Sergey85Rodchenkov"]
[Result "0-1"]
[WhiteElo "2147"]
[BlackElo "2491"]
[TimeControl "180+1"]
[EndTime "10:31:56 PST"]
[Termination "Sergey85Rodchenkov won by resignation"]

1. d4 Nf6 2. Bg5 c5 3. Bxf6 exf6 4. c3 d5 5. e3 Nc6 6. g3 f5 7. Bg2 Be6 8. Ne2 g6 9. O-O Rc8 10. dxc5 Bxc5 11. Nd2 O-O 12. Nb3 Bb6 13. Qd2 Ne5 14.
Rfd1 Nc4 15. Qc1 Qe7 16. Nf4 Rfd8 17. Nxd5 Bxd5 18. Rxd5 Nxe3 19. Rxd8+ Rxd8 20. Qe1 f4 21. Nd4 Nd5 22. Bxd5 Qxe1+ 23. Rxe1 Rxd5 24. gxf4 Bxd4 25. cxd4 Rxd4 26. Re7 Rb4 27. b3 a5 28. Kg2 Kg7 29. Kg3 Kf6 30. Rc7 h5 31. h4 Ke6 32. Rc5 a4 33.
bxa4 Rxa4 34. f5+ gxf5 35. Rb5 Ra3+ 36. f3 Rxa2 37. Rxb7 Ra1 38. Rb6+ Ke5 39. Rb5+ Kf6 40. Rb6+ Kg7 41. Rb5 Kg6 42. Rb6+ f6 43. Rb8 Rg1+ 44. Kh2 Rf1 45. Kg2 Ra1 46. Rg8+ Kf7 47. Rh8 Kg6 48. Rg8+ Kh7 49. Rf8 Kg7 50. Rc8 Ra4 51. Kg3 f4+ 52. Kh3 Ra3 53. Kg2 Ra2+ 54. Kg1 Ra4 55. Kg2 Kg6 56.
Rg8+ Kf7 57. Rh8 Ra5 58. Rh7+ Ke6 59. Rh6 Ra2+ 60. Kg1 Ra4 61. Rxh5 Kf7 62. Rd5 Kg6 63. Kg2 Ra1 64. h5+ Kh6 65. Rf5 Ra6 66. Rxf4 Kxh5 67. Rg4 f5 68. Rg8 Ra4 69. Kg3 Kh6 70. Rf8 Kg6 71. Rd8 Ra6 72. Rd5 Kf6 73. Rd4 Ke5 74. Rh4 Ra1 75. Rh8 Rg1+ 76. Kf2 Rg7 77. Ke3 f4+ 78. Kf2 Re7 79. Rh5+ Kf6 80. Ra5 Re5 81. Ra6+ Kf5 82. Ra8 Rc5 83. Rf8+ Ke5 84. Re8+ Kd5 85. Re4 Rc4 86. Re8 Rc2+ 87. Kg1 Rc4 88. Kg2 Kd6 89. Re4 Kd5 90. Rxc4 Kxc4 91. Kh3 Kd3 92. Kh4 Ke2 93.
Kg4 Ke3 94. Kh3 Kxf3 95. Kh2 Ke2 96. Kh1 f3 97. Kh2 f2 98. Kg3 f1=Q 99. Kh2 Qf5 0-1

[Event "*** Titled Tuesday Blitz"]
[Site "Chess.com"]
[Date "2021.03.09"]
[Round "3"]
[White "schondeln"]
[Black "SirStrateg"]
[Result "0-1"]
[WhiteElo "2406"]
[BlackElo "2601"]
[TimeControl "180+1"]
[EndTime "10:32:03 PST"]
[Termination "SirStrateg won by resignation"]

1. e4 d6 2. d4 Nf6 3. Nc3 c6 4. Be3 Qb6 5. Rb1 Ng4 6. Bg5 h6 7. Bh4 g5 8. Bg3 e5 9. dxe5 Nxe5 10. Be2 Be6 11. Nf3 Nbd7 12. Nd4 Be7 13. Nxe6 fxe6 14. Bh5+ Kd8 15. h4 Kc7 16. Qe2 Raf8 17. hxg5 hxg5 18. Rf1 Rh6 19. Bg4 Qb4 20. a3 Qc4 21. Qxc4 Nxc4 22. Be2 Nce5 23. Kd2 g4 24. Rbe1 Bg5+ 25. Kd1 Bf4 26.
Bxf4 Rxf4 27. Kd2 Rhf6 28. Ke3 Rf8 29. b3 a5 30. a4 Nc5 31. Bd3 d5 32. exd5 exd5 33.
Ne2 R4f6 34. Nd4 Kd6 35. f4 gxf3 36. gxf3 Re8 37. Kd2 Rh8 38. f4 Rh2+ 39. Re2 Rxe2+ 40. Kxe2 Nf7 41. Ke3 Nh6 42. Rg1 Ne6 43. Nxe6 Rxe6+ 44. Kd4 c5+ 45. Kc3 Rf6 46. Rg7 b6 47. Rh7 Nf7 48. f5 Ne5 49. Rb7 Kc6 50. Re7 Nxd3 51. Kxd3 Rxf5 52.
Re6+ Kc7 53. Kc3 Rf3+ 54. Kb2 Rf2 55. Kc3 Rf1 56. Rh6 Rf4 57. Rg6 Rb4 58. Rh6 Kb7 59. Rg6 b5 60. axb5 Rxb5 61. Rh6 Rb4 62. Rg6 a4 63.
bxa4 Rxa4 64. Kb3 Rb4+ 65. Kc3 Rc4+ 66. Kd3 Kc7 67. c3 Rh4 68. Rf6 Rh3+ 69. Kd2 Kd7 70.
Rg6 Rh7 71. Rf6 Re7 72. Rh6 Re6 73. Rh8 Kd6 74. Rh5 Rg6 75. Kd3 Rg3+ 76. Kd2 c4 77. Rh8 Rg2+ 78. Ke3 Rg3+ 79. Kd2 Rd3+ 80. Kc2 Ke5 81. Re8+ Kf4 82. Rf8+ Ke5 83. Re8+ Kd6 84.
Rd8+ Kc6 85. Rc8+ Kd7 86. Rh8 Rg3 87. Rh6 Re3 88. Rg6 Re6 89. Rg8 Kc6 90. Rc8+ Kb5 91. Rb8+ Kc5 92. Rc8+ Rc6 93. Rd8 Ra6 94. Kd2 Ra2+ 95.
Kc1 Rg2 96. Rc8+ Kb5 97. Rd8 Kc5 98. Rc8+ Kd6 99. Rd8+ Ke5 100. Kd1 Ke4 101. Kc1 Rf2 102. Kd1 Rh2 103. Kc1 Kd3 104. Rxd5+ Kxc3 105. Kd1 Rh1+ 106. Ke2 Kc2 107. Rd2+ Kc1 108. Ra2 Rh2+ 0-1

[Event "*** Titled Tuesday Blitz"]
[Site "Chess.com"]
[Date "2021.03.09"]
[Round "3"]
[White "GM_Huschenbeth"]
[Black "Genghis_K"]
[Result "0-1"]
[WhiteElo "2626"]
[BlackElo "2916"]
[TimeControl "180+1"]
[EndTime "10:32:08 PST"]
[Termination "Genghis_K won on time"]

1. e4 c5 2. Nf3 d6 3. d4 cxd4 4. Nxd4 Nf6 5. Nc3 a6 6. Bg5 e6 7. f4 Be7 8. Qf3 Qc7 9. O-O-O Nbd7 10. g4 b5 11. Bxf6 Nxf6 12. g5 Nd7 13. f5 Bxg5+ 14.
Kb1 Ne5 15. Qh5 h6 16. Nxe6 Bxe6 17. fxe6 g6 18. exf7+ Qxf7 19. Qh3 O-O 20. Be2 Rad8 21. Rhf1 Qd7 22. Rxf8+ Kxf8 23. Qg3 Kg7 24. h4 Bf6 25. Nd5 Rf8 26. Nxf6 Kxf6 27. Qf4+ Ke7 28. Qxh6 Qe6 29. Qe3 Qd7 30. Qg5+ Ke8 31. h5 Qe7 32. Qe3 g5 33. a4 bxa4 34. Bxa6 Rf4 35. Bb5+ Kf8 36.
Bxa4 Qf6 37. Bb5 g4 38. Be2 Nf7 39. Bc4 Ng5 40. h6 Rxe4 41. Qd3 Qxh6 42. Qd5 Qf6 43. Rf1 Rf4 44. Qg8+ Ke7 45. Re1+ Re4 46. Rxe4+ Nxe4 47. Qh7+ Kf8 48. Qxe4 g3 49. Bd5 Qf1+ 50. Ka2 Qa6+ 51. Kb3 Qb6+ 52. Kc3 Qc5+ 53. Kd3 Qb5+ 54. Kc3 Qc5+ 55.
Qc4 Qe3+ 56. Kb4 Qb6+ 57. Ka3 Qa5+ 58. Kb3 Qb6+ 59. Ka2 Qa7+ 60. Kb3 Qb6+ 61. Qb4 Qe3+ 62. Ka4 Qa7+ 63. Qa5 Qd4+ 64. b4 Qa1+ 65. Kb5 Qf1+ 66. Kc6 g2 67. Qd8+ Kg7 68. Qg8+ Kf6 69. Qxg2 Qa6+ 70. Kc7 Qa7+ 71. Bb7 d5 72. Qf3+ Kg7 73. Qxd5 Qa1 74. Qd7+ Kf6 75. Qd6+ Kg7 76. Qd7+ Kf6 77. Qc6+ Kg7 78. b5 Qe5+ 79. Kb6 Qd4+ 80. Qc5 Qd2 81.
Qe5+ Kf8 82. Bd5 Qf2+ 83. Kb7 Qf1 84. b6 Qf2 85. Qh8+ Ke7 86. Qe5+ Kf8 87. Qd6+ Kg7 88. Qe7+ Kh8 89. Qe8+ Kg7 90. Qg8+ Kh6 91. Qh8+ Kg5 92.
Qe8 Kh6 93. Qe6+ Kg5 94. Qe5+ Kh6 95. Kc7 Qxc2+ 96. Bc6 Qf2 97. b7 Qf7+ 98. Kb6 Qb3+ 99. Bb5 Qb2 0-1

[Event "*** Titled Tuesday Blitz"]
[Site "Chess.com"]
[Date "2021.03.09"]
[Round "3"]
[White "kirillshevchenko"]
[Black "Balla_Tamas"]
[Result "0-1"]
[WhiteElo "2823"]
[BlackElo "2480"]
[TimeControl "180+1"]
[EndTime "10:32:28 PST"]
[Termination "Balla_Tamas won on time"]

1. Nf3 c5 2. g3 Nc6 3. Bg2 g6 4. O-O Bg7 5. d3 d6 6. Nbd2 e6 7. e4 Nge7 8. c3 b5 9. Qc2 a5 10. a4 b4 11. Nc4 Ba6 12. Bf4 e5 13. Bg5 f6 14. Be3 O-O 15. Nfd2 f5 16. exf5 gxf5 17. f4 Rc8 18. Rfe1 Kh8 19. Rad1 Ng6 20. fxe5 Ncxe5 21. Nf3 Nxc4 22. dxc4 Bxc4 23. Ng5 b3 24. Qd2 Qf6 25. Qxd6 Qxd6 26. Rxd6 f4 27. gxf4 Nxf4 28. Be4 Rce8 29.
Bxc5 Ne2+ 30. Kg2 h6 31. Rd2 Nf4+ 32. Kg3 hxg5 33. Bxf8 Rxf8 34. Rd7 Be6 35. Rb7 Nh5+ 36. Kg2 Nf4+ 37. Kg3 Nh5+ 38. Kg2 Nf4+ 39. Kh1 Nh3 40. Rb6 Nf2+ 41. Kg2 Nxe4 42. Rxe6 Nc5 43. Rb6 Nxa4 44.
Rxb3 Nc5 45. Rb5 Nd3 46. Re7 Nf4+ 47. Kg3 Bf6 48. Rd7 Ne6 49. Rbb7 Ng7 50. Rd5 Kh7 51. Kf3 Kg6 52. Ke4 Re8+ 53. Kd3 Re1 54. Rxa5 Rh1 55.
Ra6 Rxh2 56. b4 Rh3+ 57. Kd2 Nf5 58. b5 Rh2+ 59. Kd3 Rh3+ 60. Kd2 Ne3 61. Rc6 Nd5 62.
b6 Kf5 63. Rd7 Bxc3+ 64. Ke2 Nxb6 65. Rxb6 Be5 66. Rb5 Rh4 67. Re7 Re4+ 68. Kd3 Rd4+ 69. Ke3 Re4+ 70. Kf2 Rf4+ 71. Ke1 Re4+ 72. Kd1 Rd4+ 73.
Kc2 Rc4+ 74. Kb3 Re4 75. Rf7+ Kg4 76. Rd5 Bf4 77. Kc2 Re3 78. Rdd7 Rg3 79. Rg7 Kf3 80. Kd1 Kg4 81. Ke2 Re3+ 82. Kf2 Rf3+ 83. Ke2 Re3+ 84.
Kd1 Rg3 85. Rgf7 Re3 86. Rd2 Rg3 87. Re2 Rd3+ 88. Kc2 Rg3 89. Rd7 Kf3 90. Re6 Kg4 91. Kd1 Rg2 92. Re1 Rg3 93. Re2 Rf3 94. Rd4 Rg3 95. Ke1 Rf3 96. Rg2+ Rg3 97. Kf1 Rxg2 98. Kxg2 Kh4 99. Kf3 Kh5 100. Rc4 Bd2 0-1